 Dungeon Crawl Stone Soup version 0.31-a0-1-g4198be8af4 (webtiles) character file.

Game seed: 1933544865434176599

135 Ahpoh the Trooper (level 5, 0/28 HPs)
             Began as a Vine Stalker Fighter on May 1, 2023.
             Killed by divine providence
             ... invoked by an orc priest
              (8 damage)
             ... on level 3 of the Dungeon.
             The game lasted 00:05:49 (1431 turns).

Ahpoh the Trooper (Vine Stalker Fighter)            Turns: 1431, Time: 00:05:53

Health: 0/28       AC: 10    Str: 19    XL:     5   Next: 18%
Magic:  0/6        EV:  9    Int:  8    God:
Gold:   259        SH:  5    Dex: 15    Spells: 4/4 levels left

rFire   . . .        a - +1 long sword
rCold   . . .        c - +0 buckler
rNeg    . . .        b - +0 scale mail
rPois   .            (helmet restricted)
rElec   .            (no cloak)
rCorr   .            (no gloves)
SInv    .            (no boots)
Will    .....        q - amulet of the acrobat Stlth
                     p - +4 ring of protection
HPRegen 1.04/turn    (no ring)
MPRegen 0.10/turn

%: acrobat, guardian spirit
@: no status effects
A: fangs 2, regeneration 1, magic shield, antimagic bite, no potion heal 2,
horns 1, talons 1, passive freeze
a: no special abilities


You were on level 3 of the Dungeon.
You visited 1 branch of the dungeon, and saw 3 of its levels.

You collected 259 gold pieces.

Inventory:

Hand Weapons
 a - a +1 long sword (weapon)
 h - a +2 dagger of flaming
Armour
 b - a +0 scale mail (worn)
 c - a +0 buckler (worn)
Jewellery
 p - a +4 ring of protection (left hand)
 q - an amulet of the acrobat (around neck)
Scrolls
 f - a scroll of vulnerability {unknown}
 g - a scroll of teleportation
 j - a scroll of identify {unknown}
 m - a scroll of enchant weapon
Potions
 d - a potion of might
 e - a potion of haste {unknown}
 i - a potion of flight {unknown}
 k - a potion of brilliance


   Skills:
 + Level 3.4 Fighting
 + Level 2.6 Long Blades
 + Level 3.3 Armour
 + Level 0.1 Dodging
 + Level 3.3 Shields


You had 4 spell levels left.
You didn't know any spells.
Your spell library was empty.

Dungeon Overview and Level Annotations

Branches:
Dungeon (3/15)

Altars:
Xom


Innate Abilities, Weirdness & Mutations

You have extremely sharp teeth.
Your natural rate of healing is unusually fast.
When hurt, damage is shared between your health and your magic reserves.
Your bite disrupts and absorbs the magic of your enemies.
Potions cannot restore your health.
You have a pair of small horns on your head.
You have sharp toenails.
A frigid envelope surrounds you and freezes all who hurt you.


Message History

The adder hisses angrily.
An orc priest comes into view. It is wielding a +0 hand axe.
An orc priest comes into view. It is wielding a +0 whip.
The orc priest shouts! x2
The giant cockroach misses you.
The orc priest invokes the aid of Beogh against you.
Beogh smites you!
You closely miss the giant cockroach.
You bite the giant cockroach, but do no damage.
You block the giant cockroach's attack.
The orc priest invokes the aid of Beogh against you.
Beogh smites you!
An orc comes into view. It is wielding a +0 club.
The giant cockroach bites you but does no damage.
The giant cockroach is very cold.
You kill the giant cockroach!
The orc shouts!
The adder attacks as you move away! The adder barely misses you.
The adder attacks as you move away! You block the adder's attack.
You completely miss the adder. The adder bites you but does no damage.
The adder is very cold.
The adder seems to slow down.
The adder is moderately wounded.
The adder bites you.
The adder is very cold.
The adder seems to slow down.
The adder is almost dead.
You closely miss the adder. You claw the adder.
You kill the adder!
You hit the orc priest.
You claw the orc priest, but do no damage.
Your headbutt misses the orc priest.
The orc priest is moderately wounded.
The orc priest mumbles some strange prayers to Beogh against you.
Beogh smites you!
* * * LOW HITPOINT WARNING * * *
You hit the orc priest. You claw the orc priest.
Your headbutt misses the orc priest. You bite the orc priest.
You drain its power.
You feel invigorated.
The orc priest is almost dead.
The orc priest invokes the aid of Beogh against you.
Beogh smites you!
You die...

.. .# #.# .o###.#
#.# .....# #.##
###o...# ###..##
#......###.....#
#.#.o.###.†###⌠###
#...o# #..##.≈≈.^##
####o#
#.##♣♣≈.^..## #.@.#
#.#._.^^__..# #.#.#
#.⌠.♣^.__..♣⌠ #.#.#
###§_~.^.)~.# #.#.#
##♣~..~~~## #.#.#
##..^§### #.#.#
####⌠#####
..#.######.#..####.
###.......###......
#†.#####.#.###.##


You could see 2 orc priests and an orc.

Vanquished Creatures
  An orc wizard (D:3)
  5 adders
  A worm (D:3)
  A dart slug (D:2)
  5 orcs (D:3)
  2 endoplasms
  3 giant cockroaches
  7 goblins
  6 hobgoblins
  2 jackals (D:2)
  A kobold (D:3)
  A quokka (D:2)
  3 ball pythons
  7 bats
  4 frilled lizards
  5 rats
54 creatures vanquished.

Notes
Turn   | Place    | Note
-------+----------+-------------------------------------------
     0 | D:1      | Ahpoh the Vine Stalker Fighter began the quest for the Orb.
     0 | D:1      | Reached XP level 1. HP: 11/11 MP: 2/2
   194 | D:1      | Reached XP level 2. HP: 16/16 MP: 3/3
   644 | D:2      | Reached XP level 3. HP: 16/20 MP: 4/4
   817 | D:2      | Gained mutation: A frigid envelope surrounds you and
                  | freezes all who hurt you. [potion of mutation]
   817 | D:2      | Gained mutation: You have a pair of small horns on your
                  | head. [potion of mutation]
   817 | D:2      | Gained mutation: You have sharp toenails. [potion of
                  | mutation]
   872 | D:2      | Found a faded altar of an unknown god.
  1077 | D:3      | Gained mutation: Your natural rate of healing is unusually
                  | fast. [Vine Stalker growth]
  1077 | D:3      | Reached XP level 4. HP: 24/24 MP: 5/5
  1292 | D:3      | Reached XP level 5. HP: 27/28 MP: 6/6
  1320 | D:3      | Found a shimmering altar of Xom.
  1320 | D:3      | Found a shimmering altar of Xom.
  1321 | D:3      | Found a shimmering altar of Xom.
  1334 | D:3      | Found a shimmering altar of Xom.
  1335 | D:3      | Found a shimmering altar of Xom.
  1337 | D:3      | Found a shimmering altar of Xom.
  1431 | D:3      | Killed from afar by an orc priest

Illustrated notes

Levels and vault maps discovered:
D:1:      dpeg_arrival_fog, layout_basic, minmay_box_of_dots
D:2:      kennysheep_the_goblin_king, layout_rooms,
          hellmonk_ecumenical_altar_dog_temple
D:3:      layout_loops_ring, xom_redecorated

Skill      XL: |  1  2  3  4 |
---------------+-------------+-----
Fighting       | 3 |  3.4
Shields        | 3 |  3.3
Long Blades    | 2 |  2.6
Armour         | 3 |  3.3
Dodging        | |  0.1

Action                     |  1- 3 |  4- 6 || total
---------------------------+-------+-------++-------
  Melee: Long sword        |    51 |    32 ||    83
         Bite              |     6 |     6 ||    12
         Headbutt          |     2 |     3 ||     5
         Kick              |     1 |     9 ||    10
    Use: Scroll            |     5 |       ||     5
         Potion            |     5 |       ||     5
 Armour: Scale mail        |    15 |    13 ||    28
  Dodge: Dodged            |    19 |    20 ||    39
  Block: Buckler           |    15 |     4 ||    19

Table legend: (Time is in decaauts)
 A = Elapsed time spent in this place.
 B = Non-inter-level travel time spent in this place.
 C = Inter-level travel time spent in this place.
 D = Time resting spent in this place.
 E = Time spent auto-exploring this place.
 F = Levels seen in this place.
 G = Mean time per level.
                   A        B        C        D        E       F      G
               +--------+--------+--------+--------+--------+-----+--------+
         Total |   1458 |   1458 |      0 |      0 |    967 |   3 |  486.0 |
       Dungeon |   1458 |   1458 |      0 |      0 |    967 |   3 |  486.0 |
               +--------+--------+--------+--------+--------+-----+--------+

Top non-repeatable levels by time:
     D:1: 604 daAuts
     D:2: 459 daAuts
     D:3: 395 daAuts
